 Dungeon Crawl Stone Soup version 0.29.1-13-g9f3cf754e1 (webtiles) character file.

Game seed: 12511187246786260092

66 Peloso the Covered (level 3, -5/34 HPs)
             Began as a Minotaur Fighter on Jan 22, 2023.
             Killed from afar by Jessica (8 damage)
             ... with a puff of flame
             ... on level 3 of the Dungeon.
             The game lasted 00:03:03 (1928 turns).

Peloso the Covered (Minotaur Fighter)               Turns: 1928, Time: 00:03:04

Health: -5/34      AC:  9    Str: 19 (20) XL:     3   Next: 96%
Magic:  2/2        EV:  7    Int:  2 (5)  God:
Gold:   137        SH:  4    Dex:  8 (11) Spells: 2/2 levels left

rFire   . . .      SeeInvis .   a - +0 long sword
rCold   . . .      Faith    .   c - +0 buckler
rNeg    . . .      Spirit   .   g - +0 chain mail
rPois   +          Reflect  .   (helmet restricted)
rElec   .          Harm     .   (no cloak)
rCorr   .          Rampage  .   (no gloves)
Will    .....                   (no boots)
Stlth   ..........              (no amulet)
HPRegen 0.11/turn               f - ring of poison resistance
MPRegen 0.08/turn               (no ring)

@: slowed, very slow
A: horns 2, retaliatory headbutt
a: no special abilities


You were on level 3 of the Dungeon.
You visited 1 branch of the dungeon, and saw 3 of its levels.

You collected 137 gold pieces.

Inventory:

Hand Weapons
 a - a +0 long sword (weapon)
Armour
 b - a +0 scale mail
 c - a +0 buckler (worn)
 g - a +0 chain mail (worn)
Jewellery
 e - an amulet of guardian spirit
 f - a ring of poison resistance (left hand)
Scrolls
 h - a scroll of enchant weapon
 i - a scroll of blinking
 j - a scroll of immolation
Potions
 d - a potion of might


   Skills:
 + Level 4.4 Fighting
 + Level 3.0 Long Blades
 + Level 4.5 Armour
 + Level 0.3 Dodging
 + Level 0.1 Stealth
 + Level 4.0 Shields


You had 2 spell levels left.
You didn't know any spells.
Your spell library contained the following spells:

 Spells                   Type           Power      Damage    Failure   Level
 Blade Hands              Tmut           0%         N/A       100%        5
 Irradiate                Conj/Tmut      0%         3d11      100%        5
 Dragon Form              Tmut           0%         N/A       100%        7


Dungeon Overview and Level Annotations

Branches:
Dungeon (3/15)

Altars:

Shops:
D:1 (

Annotations:
D:3 Jessica


Innate Abilities, Weirdness & Mutations

You have a pair of horns on your head.
You reflexively headbutt those who attack you in melee.


Message History

You closely miss Jessica. Your headbutt misses Jessica.
Jessica is severely wounded.
Jessica casts a spell.
Jessica blinks!
The rat bites you but does no damage. The goblin hits you but does no damage.
Jessica gestures wildly while chanting.
Jessica blinks!
The goblin completely misses you. The rat bites you.
* * * LOW HITPOINT WARNING * * *
Jessica zaps a wand.
The puff of flame misses you.
You hit the goblin.
You kill the goblin!
You hear the slow rusting of a drain very nearby.
Jessica casts a spell.
Jessica blinks!
The rat bites you but does no damage. The rat closely misses you.
Unknown command.
Jessica grins evilly.
Jessica gestures at you while chanting.
You feel as though you will be slow longer.
The rat bites you.
* * * LOW HITPOINT WARNING * * *
Things that are here:
a +0 club; a goblin corpse You closely miss the rat.
You headbutt the rat.
You kill the rat!
Jessica zaps a wand.
The puff of flame hits you!
* * * LOW HITPOINT WARNING * * *
Jessica casts a spell at you. You resist with some effort.
Jessica casts a spell.
Jessica blinks!
You aren't carrying any items that you can evoke.
Unknown command.
Jessica gestures wildly while chanting.
Jessica blinks!
Jessica casts a spell.
Jessica blinks!
There is a stone staircase leading up here.
Jessica zaps a wand.
The puff of flame hits you!
You die...

# #......)......... #.
#........†.......
#.##........).......
#..#.........<......
#...>..............
###................
#......<.........
##.....#..#......
............@....##.##
#######.........## .#
#.#.......# #
#.......[.#
##........#
..........#
..##.@...... ##
#.........


You could see Jessica (fast).

Vanquished Creatures
  2 adders (D:2)
  3 dart slugs
  6 ball pythons
  2 bats
  3 endoplasms
  9 goblins
  7 hobgoblins
  3 kobolds
  A frilled lizard (D:2)
  2 rats
38 creatures vanquished.

Notes
Turn   | Place    | Note
-------+----------+-------------------------------------------
     0 | D:1      | Peloso the Minotaur Fighter began the quest for the Orb.
     0 | D:1      | Reached XP level 1. HP: 19/19 MP: 0/0
   158 | D:1      | Reached XP level 2. HP: 27/27 MP: 1/1
   230 | D:1      | Found Finigh's Weapon Shoppe.
   793 | D:2      | Reached XP level 3. HP: 34/34 MP: 2/2
   857 | D:2      | Found a faded altar of an unknown god.
  1904 | D:3      | Noticed Jessica
  1928 | D:3      | Killed from afar by Jessica

Illustrated notes

Levels and vault maps discovered:
D:1:      saegor_arrival_under_anarchy, layout_loops_ring, serial_shops,
          nicolae_shop_bloodbath_and_beyond, grunt_decor_cap
D:2:      layout_loops_corners, ebering_ecumenical_altar_box
D:3:      layout_rooms, mainiacjoe_overflow_catch_the_wave,
          mainiacjoe_overflow_surrounded_room, gup_sewer_entry_pipe,
          moated_statue, uniq_sigmund, uniq_jessica

Skill      XL: |  1  2  3 |
---------------+----------+-----
Fighting       | 4 |  4.4
Armour         | 4 |  4.5
Shields        | 4 |  4.0
Long Blades    | 3 |  3.0
Dodging        | |  0.3
Stealth        | |  0.1

Action                   || total
-------------------------++-------
Melee: Long sword        ||    94
       Headbutt          ||     6
  Use: Scroll            ||     6
       Potion            ||     6
Armor: Scale mail        ||    44
       Chain mail        ||    12
Dodge: Dodged            ||    51
Block: Buckler           ||    18
